AoeStats
← 小小鸡

Arena

508152175Analyzed
4v4 RM · 12d ago on Sep 21, 2026· 27m 50s· 8 players
Game mode
Random Map
Map size
Large (8 player)
Population
200
Speed
Normal
Resources
Standard
Victory
Conquest
Starting age
Dark Age
Ending age
Imperial Age
RankedLock teamsTeams togetherTeam positionsShared explorationLock speedFull tech treeHidden civsTurbo modeCheats
Victory
Defeat
🇹🇼 Koreans · Taiwan
1401
+13
🇭🇰 Persians · Hong Kong SAR China
1351
+16
🇺🇸 Cumans · United States
1343
+16
🇭🇰 Khmer · Hong Kong SAR China
1328
+16
🇷🇺 Armenians · Russia
1390
-18
🇦🇷 Burgundians · Argentina
1386
-17
🇧🇷 Mongols · Brazil
1295
-13
🇺🇸 Teutons · United States
1294
-13
Diheadwarlord
6:24 Loom
9:00 Feudal Age
10:37 Double-Bit Axe
15:03 Horse Collar
24:20 Castle Age
22:38 Gold Mining
23:25 Wheelbarrow
菜就怪隊友
7:14 Loom
9:33 Feudal Age
10:40 Double-Bit Axe
13:17 Fletching
16:19 Horse Collar
26:36 Castle Age
27:46 Bow Saw
28:21 Bodkin Arrow
La.Reina.de.Once
11:34 Feudal Age
14:31 Castle Age
12:47 Double-Bit Axe
16:09 Horse Collar
16:45 Town Watch
17:27 Bow Saw
18:52 Heavy Plow
27:21 Imperial Age
24:50 Loom
24:50 Town Watch
25:40 Wheelbarrow
25:08 Stone Mining
25:09 Gold Mining
27:05 Stone Shaft Mining
27:08 Hand Cart
27:14 Scale Barding Armor
小小鸡
10:03 Feudal Age
14:30 Castle Age
12:57 Double-Bit Axe
15:04 Loom
20:37 Horse Collar
21:44 Bloodlines
23:27 Wheelbarrow
24:12 Scale Barding Armor
24:50 Bow Saw
24:53 Heavy Plow
26:06 Husbandry
27:42 Chain Barding Armor
27:32 Forging
Tattletale Strangler
8:53 Feudal Age
11:20 Loom
14:36 Fletching
17:20 Wheelbarrow
20:50 Double-Bit Axe
Anton Webern
10:26 Feudal Age
11:34 Loom
14:02 Castle Age
12:28 Double-Bit Axe
12:24 Horse Collar
21:17 Wheelbarrow
21:11 Bow Saw
21:49 Heavy Plow
23:14 Hand Cart
22:58 Gold Mining
27:21 Imperial Age
26:28 Gold Shaft Mining
25:45 Stone Mining
26:38 Ballistics
26:10 Fletching
26:20 Padded Archer Armor
ValkriaN
3:53 Double-Bit Axe
7:45 Horse Collar
11:32 Feudal Age
16:11 Castle Age
14:54 Bow Saw
16:13 Scale Barding Armor
16:21 Heavy Plow
20:11 Gold Mining
21:12 Loom
22:03 Wheelbarrow
22:59 Husbandry
YuriiVegas
10:42 Feudal Age
9:42 Loom
11:42 Feudal Age
13:44 Fletching
14:51 Horse Collar
17:19 Double-Bit Axe
21:28 Castle Age
19:34 Gold Mining
19:57 Pikeman
22:25 Scale Mail Armor
22:47 Bow Saw
23:16 Gold Shaft Mining
22:51 Squires
23:24 Heavy Plow
Connection lost

Rejoining the realm…

Still unreachable

The connection could not be restored.

Session expired

The server has moved on; the page needs a fresh start.